 Dungeon Crawl Stone Soup version 0.20.0-15-g7f486f2 (webtiles) character file.

3201 robba the Grappler (level 9, -2/84 HPs)
             Began as a Troll Berserker on June 28, 2017.
             Was a Priest of Trog.
             Slain by a hippogriff (4 damage)
             ... on level 7 of the Dungeon.
             The game lasted 00:29:13 (5980 turns).

robba the Grappler (Troll Berserker)                Turns: 5980, Time: 00:29:14

Health: -2/84      AC:  5    Str: 28    XL:     9   Next: 65%
Magic:  8/8        EV: 12    Int:  4    God:    Trog [***...]
Gold:   257        SH:  0    Dex: 10    Spells: 8/8 levels left

rFire    x . .     SeeInvis .     - Unarmed
rCold    + . .     Gourm    +   (no shield)
rNeg     . . .     Faith    .   a - +0 animal skin
rPois    .         Spirit   .   (helmet restricted)
rElec    .         Reflect  .   (no cloak)
rCorr    .         Harm     .   (gloves unavailable)
MR       ++...                  (boots unavailable)
Stlth    ++........             t - amulet of regeneration
Regen    2.1/turn               i - ring of ice
MPRegen  0.2/turn               x - +3 ring of slaying

@: barbed spikes, berserk cooldown, regenerating, slowed, very slow
A: unfitting armour, claws 3, fast metabolism 3, gourmand, regeneration 1,
shaggy fur 1, tough skin 2
a: Berserk, Trog's Hand, Burn Spellbooks, Renounce Religion


You were on level 7 of the Dungeon.
You worshipped Trog.
Trog was most pleased with you.
You were not hungry.

You visited 1 branch of the dungeon, and saw 7 of its levels.

You collected 397 gold pieces.
You spent 140 gold pieces at shops.

Inventory:

Hand Weapons
 E - a +0 giant club
Missiles
 c - 204 stones (quivered)
 u - 5 needles of sleeping
 F - 15 poisoned needles
 G - 5 curare-tipped needles
Armour
 a - a +0 animal skin (worn)
Jewellery
 i - a ring of ice (left claw)
 t - an amulet of regeneration (around neck)
 x - a +3 ring of slaying (right claw)
 D - an uncursed ring of resist corrosion {unknown}
Wands
 s - a wand of polymorph (16/24)
 v - a wand of iceblast (5/15)
 z - a wand of scattershot (3/9)
 C - a wand of flame (25/48)
Scrolls
 d - a scroll of fog
 f - 6 scrolls of identify
 g - 2 scrolls of magic mapping {unknown}
 h - 2 scrolls of immolation
 k - a scroll of blinking
 n - a scroll of enchant weapon
 p - 4 scrolls of remove curse
 q - 4 scrolls of teleportation {unknown}
 r - 2 scrolls of random uselessness {unknown}
 y - a scroll of fear {unknown}
Potions
 e - 3 potions of heal wounds
 l - 3 potions of curing
 m - a potion of haste
 w - 2 potions of lignification {unknown}
 A - 2 potions of magic {unknown}
 B - a potion of mutation {unknown}
Comestibles
 b - 6 bread rations
 j - 2 meat rations
 o - 10 fruits


   Skills:
 + Level 4.1 Fighting
 + Level 6.0 Dodging
 + Level 1.5 Stealth
 + Level 11.1 Unarmed Combat


You had 8 spell levels left.
You didn't know any spells.

Dungeon Overview and Level Annotations

Branches:
Dungeon (7/15)             Temple (0/1) D:7

Altars:
Cheibriados
Gozag
Makhleb
Okawaru
Ru
Vehumet
The Shining One

Shops:
D:7 ?

Portals:
Sewer: D:3


Innate Abilities, Weirdness & Mutations

You are too large for most types of armour.
You have claws for hands.
Your metabolism is lightning-fast.
You like to eat raw meat.
Your natural rate of healing is unusually fast.
You are covered in fur. (AC +1)
You have very tough skin. (AC +2)


Message History

The manticore flicks its tail.
The volley of spikes misses you.
The manticore flicks its tail.
The volley of spikes hits you!
The barbed spikes become lodged in your body.
* * * LOW HITPOINT WARNING * * *
The black bear barely misses you. x2; The black bear claws you.
* * * LOW HITPOINT WARNING * * *
The barbs in your skin will harm you if you move.
Continue?
Okay, then.
You barely miss the black bear.
The black bear is heavily wounded.
The black bear bites you.
* * * LOW HITPOINT WARNING * * *
The black bear misses you. The black bear claws you.
* * * LOW HITPOINT WARNING * * *
The black bear barely misses you. The black bear claws you.
* * * LOW HITPOINT WARNING * * *
The black bear closely misses you. The hippogriff bites you.
You die...

........††# #.## #....#
........†.### #..# ####...##
##''''###†..## ##.# ##.....##
.......h#....### #.## #......#
........#......###..# #.....##
........#.....H.###.####.....#
........#.....H.h.#..##......#
........#.....HHh.##.#.......#
#########.....Hh@..#....#...##
##........<.h.....))######
#................##.##
#..............####.(##
#######..........## ##..#
...########.#...## ##.##
#.......####..### #..###
#####........## ##...##
#####...## #####....##


You could see a manticore, 4 hippogriffs, a hog and 3 black bears.

Vanquished Creatures
  Pikel (D:4)
  2 polar bears (D:7)
  A slave (D:4)
  2 ogres
  2 ice beasts (D:7)
  A sky beast (D:7)
  3 black bears (D:7)
  A phantom (D:4)
  2 centaurs
  A wolf (D:7)
  A big kobold (D:7)
  A bullfrog (D:7)
  3 scorpions
  3 howler monkeys
  2 crimson imps
  A quasit (D:5)
  2 bullfrog skeletons (D:5)
  9 hounds
  A jelly (D:7)
  An orc wizard (D:5)
  An iguana (D:4)
  7 worker ants
  A hound skeleton (D:7)
  8 adders
  A shadow imp (D:7)
  An ooze (D:5)
  An adder skeleton (D:7)
  4 worms
  4 dart slugs
  5 leopard geckos
  12 orcs
  6 giant cockroaches
  9 goblins
  4 hobgoblins
  5 jackals
  4 quokkas
  2 ball pythons (D:3)
  7 bats
  4 frilled lizards
  A jackal skeleton (D:5)
  10 kobolds
  7 rats
144 creatures vanquished.

Vanquished Creatures (others)
  A rat (D:1)
1 creature vanquished.

Grand Total: 145 creatures vanquished

Notes
Turn   | Place    | Note
-------+----------+-------------------------------------------
     0 | D:1      | robba the Troll Berserker began the quest for the Orb.
     0 | D:1      | Reached XP level 1. HP: 22/22 MP: 0/0
   224 | D:1      | Reached XP level 2. HP: 29/29 MP: 1/1
  1040 | D:2      | Reached XP level 3. HP: 36/36 MP: 2/2
  1477 | D:2      | Reached ** piety under Trog
  1682 | D:2      | Reached XP level 4. HP: 30/44 MP: 3/3
  1888 | D:3      | Reached skill level 4 in Unarmed Combat
  1992 | D:3      | Found a glowing drain.
  2268 | D:4      | Found a sacrificial altar of Ru.
  2270 | D:4      | Found a snail-covered altar of Cheibriados.
  2355 | D:4      | Reached XP level 5. HP: 50/50 MP: 4/4
  2451 | D:4      | Reached skill level 5 in Unarmed Combat
  2681 | D:4      | Found an iron altar of Okawaru.
  2714 | D:4      | Noticed a phantom
  2722 | D:4      | Reached XP level 6. HP: 47/59 MP: 5/5
  2873 | D:4      | Noticed a slave
  2874 | D:4      | Noticed Pikel
  2878 | D:4      | Killed a slave
  2879 | D:4      | Noticed a slave
  2881 | D:4      | Noticed a slave
  2884 | D:4      | Noticed a slave
  2894 | D:4      | Killed Pikel
  2894 | D:4      | Reached skill level 7 in Unarmed Combat
  2894 | D:4      | Reached XP level 7. HP: 13/67 MP: 6/6
  3323 | D:5      | Entered Level 5 of the Dungeon
  3406 | D:5      | Reached skill level 8 in Unarmed Combat
  3406 | D:5      | Reached XP level 8. HP: 37/75 MP: 7/7
  3632 | D:5      | Reached skill level 1 in Stealth
  3692 | D:5      | Found an opulent altar of Gozag.
  3749 | D:5      | Found a radiant altar of Vehumet.
  3804 | D:5      | Reached skill level 5 in Dodging
  4589 | D:6      | Reached *** piety under Trog
  4623 | D:6      | Reached skill level 9 in Unarmed Combat
  5051 | D:6      | Found a glowing golden altar of the Shining One.
  5461 | D:7      | Found Pemas's Magic Scroll Shop.
  5476 | D:7      | Bought a scroll of remove curse for 42 gold pieces
  5476 | D:7      | Bought a scroll of remove curse for 42 gold pieces
  5476 | D:7      | Bought a scroll of identify for 28 gold pieces
  5476 | D:7      | Bought a scroll of identify for 28 gold pieces
  5519 | D:7      | Reached XP level 9. HP: 67/83 MP: 8/8
  5596 | D:7      | Reached skill level 10 in Unarmed Combat
  5602 | D:7      | Found a staircase to the Ecumenical Temple.
  5724 | D:7      | Found a burning altar of Makhleb.
  5935 | D:7      | Found a huge runed gate.
  5935 | D:7      | Found a huge runed gate.
  5935 | D:7      | Found a huge runed gate.
  5935 | D:7      | Found a huge runed gate.
  5935 | D:7      | Noticed a polar bear
  5935 | D:7      | Noticed a manticore
  5936 | D:7      | Noticed a polar bear
  5960 | D:7      | Killed a polar bear
  5965 | D:7      | Killed a polar bear
  5965 | D:7      | Reached skill level 11 in Unarmed Combat
  5980 | D:7      | HP: 2/84 [black bear (3)]
  5980 | D:7      | Slain by a hippogriff

Skill      XL: |  1  2  3  4  5  6  7  8  9 |
---------------+----------------------------+-----
Dodging        | 3 4 5 6 |  6.0
Unarmed Combat | 4 5 7 8 9 11 | 11.1
Fighting       | 3 4 |  4.1
Stealth        | 1 |  1.5

Action                   |  1- 3 |  4- 6 |  7- 9 || total
-------------------------+-------+-------+-------++-------
Melee: Unarmed           |    86 |    81 |   191 ||   358
       Punch             |     1 |     1 |     9 ||    11
Invok: Trog's Hand       |       |     1 |     1 ||     2
       Berserk           |       |       |     3 ||     3
  Use: Scroll            |     3 |     1 |     3 ||     7
       Potion            |     1 |     1 |     1 ||     3
  Eat: Chunk             |    20 |     9 |    23 ||    52
       Meat ration       |       |       |     1 ||     1
Armor: Animal skin       |    27 |    13 |    82 ||   122
Dodge: Dodged            |    66 |    36 |   184 ||   286
